 Dungeon Crawl Stone Soup version 0.30.0-29-ga12c61a403 (webtiles) character file.

Game seed: 8252366324785265684

85 cdecastro the Grasshopper (level 4, -4/38 HPs)
             Began as an Armataur Warper on June 12, 2023.
             Slain by a gnoll
             ... wielding a +0 halberd
              (8 damage)
             ... on level 3 of the Dungeon.
             The game lasted 00:06:26 (2419 turns).

cdecastro the Grasshopper (Armataur Warper)         Turns: 2419, Time: 00:06:26

Health: -4/38      AC:  4    Str: 17    XL:     4   Next: 25%
Magic:  6/6        EV:  9    Int: 21    God:
Gold:   128        SH:  0    Dex:  9    Spells: 1/6 levels left

rFire   . . .        a - +0 falchion
rCold   . . .        (no shield)
rNeg    . . .        b - +0 leather armour
rPois   +            (no helmet)
rElec   .            (no cloak)
rCorr   .            (no gloves)
SInv    .            (no barding)
Will    .....        (no amulet)
Stlth   +            j - +6 ring of intelligence
HPRegen 0.26/turn    p - ring of poison resistance
MPRegen 0.10/turn

%: roll
@: no status effects
A: large, rugged brown scales 3, deformed body, armoured tail, roll, long
tongue, awkward tongue
a: no special abilities


You were on level 3 of the Dungeon.
You visited 1 branch of the dungeon, and saw 3 of its levels.

You collected 128 gold pieces.

Inventory:

Hand Weapons
 a - a +0 falchion (weapon)
Missiles
 d - 7 boomerangs of dispersal (quivered)
Armour
 b - a +0 leather armour (worn)
Jewellery
 j - a +6 ring of intelligence (left hand)
 m - a ring of fire
 p - a ring of poison resistance (right hand)
 q - an amulet of faith
Scrolls
 c - a scroll of blinking
 f - 3 scrolls of identify {unknown}
 h - a scroll of butterflies {unknown}
 i - a scroll of acquirement {unknown}
 k - a scroll of poison {unknown}
 l - a scroll of amnesia {unknown}
 n - a scroll of teleportation {unknown}
 o - a scroll of fear {unknown}
 r - 2 scrolls of vulnerability {unknown}
Potions
 e - 4 potions of haste {unknown}
 g - a potion of might {unknown}


   Skills:
 - Level 1.8 Fighting
 + Level 2.0 Long Blades
 - Level 0.8 Throwing
 - Level 1.2 Armour
 - Level 1.3 Dodging
 - Level 1.7 Spellcasting
 - Level 5.0 Translocations


You had one spell level left.
You knew the following spells:

 Your Spells              Type           Power      Damage    Failure   Level
a - Blink                 Tloc           44%        N/A       3%          2
b - Teleport Other        Tloc           22%        N/A       7%          3

Your spell library contained the following spells:

 Spells                   Type           Power      Damage    Failure   Level
 Freeze                   Ice            4%         1d3       19%         1
 Lesser Beckoning         Tloc           44%        N/A       3%          2
 Vhi's Electric Charge    Tloc/Air       24%        N/A       19%         3
 Manifold Assault         Tloc           22%        N/A       22%         4
 Frozen Ramparts          Ice            2%         1d1       47%         3
 Hailstorm                Conj/Ice       1%         3d3       47%         3


Dungeon Overview and Level Annotations

Branches:
Dungeon (3/15)

Altars:


Innate Abilities, Weirdness & Mutations

You are completely covered in rugged brown scales. (AC +3, +7% HP)
Armour fits poorly on your strangely shaped body.
You have a long armoured tail.
You roll when moving toward enemies. (Rampage)
Your long tongue fully drains potion bottles. (2x potion effects)
Your tongue gives you trouble enunciating. (1.5x scroll delay)


Message History

The gnoll completely misses you.
You hit the gnoll but do no damage.
The gnoll is severely wounded.
The gnoll hits you with a +0 whip.
You hit the gnoll but do no damage.
The gnoll is severely wounded.
The gnoll misses you.
You closely miss the gnoll. You tail-slap the gnoll.
You kill the gnoll!
Your Long Blades skill increases to level 2!
You see here a +0 whip.
There is a stone staircase leading down, spattered with blood here.
You start resting.
HP restored.
You climb downwards.
There is a stone staircase leading up, spattered with blood here.
A gnoll is nearby!
A gnoll is nearby!
A gnoll is nearby!
Unknown command.
The gnoll shouts!
Okay, then.
Unknown command.
Unknown command.
You roll towards the gnoll!
You barely miss the gnoll. The gnoll closely misses you.
You hit the gnoll but do no damage. The gnoll hits you with a +0 halberd!
You closely miss the gnoll. The gnoll hits you with a +0 halberd!
You closely miss the gnoll. The gnoll hits you with a +0 halberd!
* * * LOW HITPOINT WARNING * * *
The gnoll hits you with a +0 halberd.
* * * LOW HITPOINT WARNING * * *
You hit the gnoll.
The gnoll is moderately wounded.
The gnoll hits you with a +0 halberd.
* * * LOW HITPOINT WARNING * * *
You hit the gnoll.
Your tail-slap misses the gnoll.
The gnoll is severely wounded.
The gnoll hits you with a +0 halberd!
You die...

#..[........#.# #.
#.............####.
#..................
#...........#.####.
###)#.......#......
##<###...#.####.#.
...#####...........^...#.
#.......#####..##....##.
######.@# #..##....##.
#.g## #..##....... ##..#
#..##....... #..##
#..##.......
#...###..##.......
#.................
#.#..........[....
##.#......#####....
#<.##.#...# #.##)


You could see a gnoll.

Vanquished Creatures
  2 gnolls (D:2)
  An adder (D:2)
  2 worms (D:2)
  A dart slug (D:3)
  4 bats
  3 endoplasms (D:1)
  3 giant cockroaches
  4 goblins
  4 hobgoblins
  6 kobolds
  5 quokkas
  7 ball pythons
  3 frilled lizards (D:1)
  4 rats
49 creatures vanquished.

Notes
Turn   | Place    | Note
-------+----------+-------------------------------------------
     0 | D:1      | cdecastro the Armataur Warper began the quest for the Orb.
     0 | D:1      | Reached XP level 1. HP: 18/18 MP: 3/3
   187 | D:1      | Reached XP level 2. HP: 25/25 MP: 4/4
   636 | D:1      | Reached skill level 4 in Translocations
   639 | D:1      | Learned a level 2 spell: Blink
   943 | D:1      | Reached XP level 3. HP: 29/31 MP: 5/5
  1176 | D:1      | Learned a level 3 spell: Teleport Other
  2308 | D:2      | Reached skill level 5 in Translocations
  2308 | D:2      | Reached XP level 4. HP: 19/38 MP: 6/6
  2419 | D:3      | Slain by a gnoll

Illustrated notes

Levels and vault maps discovered:
D:1:      ebering_hopf_link, layout_basic, serial_curves, eino_curves_04,
          eino_curves_04, eino_curves_01
D:2:      layout_loops_ring
D:3:      layout_basic, nicolae_grassy_gnolls, uniq_crazy_yiuf_cottage

Skill      XL: |  1  2  3  4 |
---------------+-------------+-----
Translocations | 4 5 |  5.0
Long Blades    | 2 |  2.0
Fighting       | |  1.8
Throwing       | |  0.8
Armour         | |  1.2
Dodging        | |  1.3
Spellcasting   | |  1.7

Action                     |  1- 3 |  4- 6 || total
---------------------------+-------+-------++-------
  Melee: Falchion          |   184 |    12 ||   196
         Tailslap          |    17 |     2 ||    19
 Armour: Leather armour    |    63 |     1 ||    64
  Dodge: Dodged            |    88 |     5 ||    93
